 Dungeon Crawl Stone Soup version 0.31-a0-876-gfe8ebadbca (webtiles) character file.

Game seed: 10186696294604622147

3 Azuregosa the Sneak (level 1, -2/16 HPs)
             Began as an Octopode Delver on Oct 13, 2023.
             Was an Initiate of Cheibriados.
             Slain by a black bear (4 damage)
             ... on level 5 of the Dungeon.
             The game lasted 00:00:52 (54 turns).

Azuregosa the Sneak (Octopode Delver)                 Turns: 54, Time: 00:00:52

Health: -2/16      AC:  1    Str: 12    XL:     1   Next: 50%
Magic:  1/1        EV: 13    Int: 13    God:    Cheibriados [......]
Gold:   0          SH:  0    Dex: 14    Spells: 0/0 levels left

rFire   . . .        a - +0 mace
rCold   . . .        (no shield)
rNeg    . . .        (helmet restricted)
rPois   .            (no amulet)
rElec   .            (no ring)
rCorr   .            (no ring)
SInv    .            (no ring)
Will    .....        (no ring)
Stlth   ++++         (no ring)
HPRegen 0.22/turn    (no ring)
MPRegen 0.07/turn    (no ring)
                     (no ring)

%: no passive effects
@: very slow
A: almost no armour, amphibious, 8 rings, camouflage 1, gelatinous body 1,
(nimble swimmer 1), tentacles
a: Renounce Religion


You were on level 5 of the Dungeon.
You worshipped Cheibriados.
Cheibriados was noncommittal.
You visited 1 branch of the dungeon, and saw 1 of its levels.

Inventory:

Hand Weapons
 a - a +0 mace (weapon)
Wands
 f - a wand of digging (3)
Scrolls
 b - a scroll of fog
Potions
 e - a potion of haste


   Skills:
 + Level 3.0 Fighting
 + Level 2.1 Maces & Flails
 + Level 2.0 Dodging
 + Level 6.6 Stealth


You couldn't memorise any spells.
You didn't know any spells.
Your spell library was empty.

Dungeon Overview and Level Annotations

Branches:
Dungeon (5/15)
 Temple: D:4-7

Altars:
Cheibriados

Shops:
D:5 *


Innate Abilities, Weirdness & Mutations

You cannot wear most types of armour.
You are amphibious.
You can wear up to eight rings at the same time.
Your skin changes colour to match your surroundings (Stealth+).
Your rubbery body absorbs attacks. (AC +1, EV +1)
((You are camouflaged when in or above water. (Stealth+)))
You have tentacles for arms and can constrict up to eight enemies at once.


Message History

Cheibriados is now slowing the effects of poison on you.
As you read the scroll of fear, it crumbles to dust.
You assume a fearsome visage.
The worm looks frightened!
The black bear looks frightened!
You hit the worm.
Your attack snaps the worm out of its fear.
You grab the worm. You tentacle-slap the worm.
The worm is moderately wounded.
You constrict the worm. The worm misses you.
You hit the worm.
The worm is heavily wounded.
You constrict the worm. The worm barely misses you.
You release your grip on the worm.
The worm closely misses you. The worm bites you.
Cornered, the black bear turns to fight!
The worm bites you!
Ouch! That really hurt!
You sock the worm! Your grab misses the worm.
You squeeze the worm, but do no damage.
The worm is severely wounded.
The worm bites you.
You barely miss the worm. You grab the worm.
The worm is severely wounded.
You constrict the worm. You hit the worm.
The worm is almost dead.
You constrict the worm.
You kill the worm!
The black bear attacks as it pursues you!
The black bear barely misses you. The black bear claws you.
* * * LOW HITPOINT WARNING * * *
The black bear closely misses you.
A scorpion comes into view.
Found a stone staircase leading up.
The black bear barely misses you. x2
The black bear closely misses you.
The black bear attacks as it pursues you!
The black bear bites you.
* * * LOW HITPOINT WARNING * * *
The black bear completely misses you. The black bear claws you.
You die...

*,,.......##...(..##.##*.###,*,
*,**#.....###.#.....## *#..,,**
#,* #.....# #.##.###.#**,,..,,,
#!###.....###.##h# **.#,,**#**,
#.............##.# **.#,,,,,,,
#.............##.#####.#,*****,
#......_.........$..$..#,* *,
##........†..###.#######,*****,
#...........h@..#***,,,,,,,,,,
####.....####....8#*,**,,,,,,,
#.....# #........**,*****,
#.....# #..>....#**,* **,
###.###**#.....W.#**,****,,
#h.,,,,.8s..∩...8,,,,,,,,
##*****#........,*,****,,
#.#....<.,,,* **, *,***,,,,,*,*
**


You could see a black bear, a phantom and a scorpion (asleep).

Vanquished Creatures
  A worm (D:5)
1 creature vanquished.

Notes
Turn   | Place    | Note
-------+----------+-------------------------------------------
     0 | D:5      | Azuregosa the Octopode Delver began the quest for the Orb.
     0 | D:5      | Reached XP level 1. HP: 16/16 MP: 1/1
    13 | D:5      | Noticed a black bear
    16 | D:5      | Noticed a phantom
    16 | D:5      | Noticed a hound
    29 | D:5      | Found Ceorekui's Assorted Antiques.
    29 | D:5      | Noticed a phantom
    30 | D:5      | Found a snail-covered altar of Cheibriados.
    39 | D:5      | Became a worshipper of Cheibriados the Contemplative
    53 | D:5      | Noticed a scorpion
    54 | D:5      | Slain by a black bear

Illustrated notes

Levels and vault maps discovered:
D:5:      layout_loops_ring, slow_altar_1, serial_shops, nicolae_diamond_shop,
          nicolae_square_shop, nicolae_stop_n_shop_1

Action                     || total
---------------------------++-------
  Melee: Mace              ||     5
         Constrict         ||     2
         Punch             ||     1
         Tentacles         ||     1
    Use: Scroll            ||     2
 Armour: Skin              ||     7
  Dodge: Dodged            ||    10

Table legend: (Time is in decaauts)
 A = Elapsed time spent in this place.
 B = Non-inter-level travel time spent in this place.
 C = Inter-level travel time spent in this place.
 D = Time resting spent in this place.
 E = Time spent auto-exploring this place.
 F = Levels seen in this place.
 G = Mean time per level.
                   A        B        C        D        E       F      G
               +--------+--------+--------+--------+--------+-----+--------+
         Total |     57 |     57 |      0 |      0 |      0 |   1 |   57.0 |
       Dungeon |     57 |     57 |      0 |      0 |      0 |   1 |   57.0 |
               +--------+--------+--------+--------+--------+-----+--------+

Top non-repeatable levels by time:
     D:5: 57 daAuts
